 Dungeon Crawl Stone Soup version 0.26-a0-1102-g347fe5baa7 (webtiles) character file.

Game seed: 791355446746169605

571 ruwin the Skirmisher (level 7, 0/75 HPs)
             Began as an Ogre Berserker on Dec 15, 2020.
             Was a Believer of Trog.
             Slain by an ufetubus (2 damage)
             ... on level 5 of the Dungeon.
             The game lasted 00:06:41 (4019 turns).

ruwin the Skirmisher (Ogre Berserker)               Turns: 4019, Time: 00:06:41

Health: 0/75       AC:  4    Str: 24    XL:     7   Next: 34%
Magic:  7/7        EV: 11    Int:  8    God:    Trog [**....]
Gold:   172        SH:  0    Dex:  8    Spells: 6/6 levels left

rFire    . . .     SeeInvis .   a - +0 giant spiked club
rCold    . . .     Faith    .   (shield currently unavailable)
rNeg     . . .     Spirit   .   o - +0 robe {Will+}
rPois    +         Reflect  .   (helmet restricted)
rElec    .         Harm     .   n - scarf {+Inv}
rCorr    .         Rampage  .   (gloves unavailable)
Will     +....                  (boots unavailable)
Stlth    +.........             (no amulet)
HPRegen  0.22/turn              (no ring)
MPRegen  0.10/turn              (no ring)

@: berserk cooldown, flying, hasted and slowed, invisible
A: large, unfitting armour, talons 1, poison resistance, shaggy fur 1, tough
skin 1, no potion heal 1
a: Berserk, Trog's Hand, Renounce Religion, Evoke Invisibility


You were on level 5 of the Dungeon.
You worshipped Trog.
Trog was pleased with you.
You visited 1 branch of the dungeon, and saw 5 of its levels.

You collected 172 gold pieces.

Inventory:

Hand Weapons
 a - a +0 giant spiked club (weapon)
Missiles
 e - 5 boomerangs
 p - 2 atropa-tipped darts
Armour
 b - a +1 animal skin
 n - a scarf of invisibility (worn)
 o - a +0 robe of willpower (worn)
Jewellery
 l - a +6 ring of intelligence {unknown}
Wands
 i - a wand of flame (26)
Scrolls
 d - a scroll of identify
 g - a scroll of enchant armour
Potions
 f - a potion of attraction {unknown}
 h - a potion of haste
 j - a potion of resistance
 k - a potion of flight


   Skills:
 + Level 6.1 Fighting
 * Level 5.3 Maces & Flails
 - Level 2.4 Throwing
 + Level 4.2 Dodging


You had 6 spell levels left.
You didn't know any spells.
Your spell library was empty.

Dungeon Overview and Level Annotations

Branches:
Dungeon (5/15)             Temple (0/1) D:5

Altars:
Nemelex Xobeh


Innate Abilities, Weirdness & Mutations

You are too large for most types of armour.
You have tough skin. (AC +1)
You have sharp toenails.
Your system is resistant to poisons. (rPois)
You are covered in fur. (AC +1)
Potions are less effective at restoring your health.


Message History

You closely miss the ufetubus. The ufetubus barely misses you. x2
You are no longer berserk.
You are exhausted.
You feel yourself slow down.
Unknown command.
You feel yourself speed up. The ufetubus barely misses you.
The ufetubus closely misses you. x2; The ufetubus barely misses you.
The iguana closely misses you. The ufetubus hits you.
* * * LOW HITPOINT WARNING * * *
The ufetubus closely misses you.
It was a potion of flight.
You feel very buoyant.
You fly up into the air.
The ufetubus closely misses you. The ufetubus barely misses you.
The iguana barely misses you.
It was a potion of invisibility.
You fade into invisibility!
The ufetubus closely misses you. The ufetubus barely misses you.
The ufetubus hits you.
You die...

,,,,....#....≈≈,,≈≈≈*
***,........#≈≈≈≈≈≈≈*
**#....>.†#*≈≈≈≈≈**
*#......##******
#.......##
#........###
*#..........##
#..........5.#
#.......#..l@##
#.......#.....##
#.#...#.####...##
#.....=!# ###..###
**### *.......*
##...#####...##
***,#.,,*,*
##.......[...#*
**,*,,,,,,,*
##...<..###,,,
**,,*,,,,,,,*
###.#### ****
*,,**,*,,,*,* ###


You could see an iguana and an ufetubus.

Vanquished Creatures
  A sky beast (D:5)
  2 ogres (D:4)
  A scorpion (D:4)
  A howler monkey (D:4)
  2 hounds (D:4)
  An orc priest (D:3)
  2 orc wizards
  A hound skeleton (D:4)
  An adder (D:4)
  A worm (D:2)
  2 dart slugs (D:4)
  2 leopard geckos
  8 orcs
  A giant cockroach (D:2)
  2 goblins
  6 hobgoblins
  5 jackals
  5 kobolds
  7 bats
  4 frilled lizards
  2 rats
57 creatures vanquished.

Vanquished Creatures (others)
  2 orcs (D:5)
  A quokka (D:5)
3 creatures vanquished.

Grand Total: 60 creatures vanquished

Notes
Turn   | Place    | Note
-------+----------+-------------------------------------------
     0 | D:1      | ruwin the Ogre Berserker began the quest for the Orb.
     0 | D:1      | Reached XP level 1. HP: 24/24 MP: 1/1
   329 | D:1      | Reached XP level 2. HP: 31/32 MP: 2/2
  1015 | D:2      | Found a sparkling altar of Nemelex Xobeh.
  1267 | D:2      | Reached XP level 3. HP: 40/40 MP: 3/3
  1364 | D:2      | Reached ** piety under Trog
  1778 | D:3      | Reached skill level 1 in Throwing
  1778 | D:3      | Reached XP level 4. HP: 48/49 MP: 4/4
  1789 | D:3      | Gained mutation: Potions are less effective at restoring
                  | your health. [potion of mutation]
  1789 | D:3      | Gained mutation: You are covered in fur. (AC +1) [potion of
                  | mutation]
  1789 | D:3      | Gained mutation: Your system is resistant to poisons.
                  | (rPois) [potion of mutation]
  1789 | D:3      | Gained mutation: You have sharp toenails. [potion of
                  | mutation]
  2915 | D:4      | Noticed an ogre
  2931 | D:4      | Reached XP level 5. HP: 43/55 MP: 5/5
  2943 | D:4      | Killed an ogre
  2944 | D:4      | Reached skill level 5 in Fighting
  2946 | D:4      | Reached XP level 6. HP: 66/66 MP: 6/6
  3399 | D:4      | Reached skill level 5 in Maces & Flails
  3399 | D:4      | Reached XP level 7. HP: 74/74 MP: 7/7
  3981 | D:5      | Entered Level 5 of the Dungeon
  4010 | D:5      | Reached skill level 6 in Fighting
  4010 | D:5      | HP: 3/112 [ufetubus (4)]
  4016 | D:5      | HP: 1/75 [ufetubus (2)]
  4019 | D:5      | Slain by an ufetubus

Illustrated notes

Levels and vault maps discovered:
D:1:      mushboom_english_gardens, layout_basic, chequers_serial_rivers_marsh,
          nrook_campfire
D:2:      layout_basic, nemelex_xobeh_ov_fountains_minmay
D:3:      layout_basic
D:4:      layout_loops_ring, kennysheep_minor_cross
D:5:      layout_layer_cave, xom_confusion_cloud, temple_hall,
          gup_ossuary_entry_pyramid

Skill      XL: |  1  2  3  4  5  6  7 |
---------------+----------------------+-----
Maces & Flails | 3 4 5 |  5.3
Dodging        | 3 4 |  4.2
Throwing       | 1 2 |  2.4
Fighting       | 5 6 |  6.1

Action                   |  1- 3 |  4- 6 |  7- 9 || total
-------------------------+-------+-------+-------++-------
Melee: Mace              |    79 |    33 |       ||   112
       Kick              |       |    16 |     4 ||    20
       Flail             |       |    13 |       ||    13
       Giant spiked club |       |    26 |    24 ||    50
Invok: Berserk           |     3 |     3 |     1 ||     7
  Use: Potion            |       |     5 |     3 ||     8
       Scroll            |       |     4 |     1 ||     5
Armor: Animal skin       |    23 |    10 |       ||    33
       Robe              |       |     7 |    10 ||    17
Dodge: Dodged            |    53 |    46 |    41 ||   140

Table legend: (Time is in decaauts)
 A = Elapsed time spent in this place.
 B = Non-inter-level travel time spent in this place.
 C = Inter-level travel time spent in this place.
 D = Time resting spent in this place.
 E = Time spent auto-exploring this place.
 F = Levels seen in this place.
 G = Mean time per level.
                   A        B        C        D        E       F      G
               +--------+--------+--------+--------+--------+-----+--------+
         Total |   4131 |   3990 |    141 |    834 |   2657 |   5 |  826.2 |
       Dungeon |   4131 |   3990 |    141 |    834 |   2657 |   5 |  826.2 |
               +--------+--------+--------+--------+--------+-----+--------+

Top non-repeatable levels by time:
     D:3: 1190 daAuts
     D:4: 1115 daAuts
     D:1: 1036 daAuts
     D:2: 748 daAuts
     D:5: 41 daAuts
